 Dungeon Crawl Stone Soup version 0.24.0-1-gfbc8707 (console) character file.

Game seed: 8060769747948470801, levelgen mode: deterministic

225332 removed the Lord of Darkness (level 20, 104/122 HPs)
             Began as a Kobold Skald on Nov 3, 2019.
             Was the Champion of Kikubaaqudgha.
             Quit the game on level 2 of the Shoals.
             The game lasted 02:10:21 (54122 turns).

removed the Lord of Darkness (Kobold Skald)        Turns: 54122, Time: 02:10:22

Health: 104/122    AC: 32    Str: 19    XL:     20   Next: 9%
Magic:  29/34      EV: 21    Int: 21    God:    Kikubaaqudgha [******]
Gold:   1998       SH:  7    Dex: 20    Spells: 3/39 levels left

rFire    + . .     SeeInvis +   a - +5 whip (venom)
rCold    . . .     Gourm    .   T - +0 buckler of Manueheh {+Inv rF+ rCorr}
rNeg     + . .     Faith    +   v - +8 pearl dragon scales of the Beginning {rN+ rCorr Str+4}
rPois    .         Spirit   .   h - +2 helmet {SInv}
rElec    .         Reflect  .   W - scarf {cloud immunity}
rCorr    +         Harm     .   z - +2 pair of gloves {Str+3}
MR       +....                  C - +2 pair of boots {run}
Stlth    ..........             K - amulet of faith
HPRegen  0.30/turn              H - +5 ring of dexterity
MPRegen  0.24/turn              x - ring of wizardry

@: quick
A: small, carnivore, strong 1, MP-powered wands
}: 1/15 runes: gossamer
a: Receive Corpses, Torment, Brand Weapon With Pain, Receive Necronomicon,
Renounce Religion, Evoke Invisibility


You were on level 2 of the Shoals.
You worshipped Kikubaaqudgha.
Kikubaaqudgha was exalted by your worship.
You were not hungry.

You visited 5 branches of the dungeon, and saw 29 of its levels.
You also visited: Sewer, Ossuary, Gauntlet and Ice Cave.

You collected 3343 gold pieces.
You spent 1345 gold pieces at shops.

Inventory:

Hand Weapons
 a - a +5 whip of venom (weapon)
 I - the +7 Singing Sword {slice, sonic wave}
   (You took it off a merfolk on level 1 of the Shoals)

   It inflicts extra damage upon your enemies.
Missiles
 g - a curare-tipped dart
 J - 6 throwing nets (quivered)
Armour
 h - a +2 helmet of see invisible (worn)
 v - the +8 pearl dragon scales of the Beginning (worn) {rN+ rCorr Str+4}
   (You took it off a minotaur in a Gauntlet)

   It affects your strength (+4).
   It protects you from negative energy.
   It provides partial protection from all sources of acid and corrosion.
 z - a +2 pair of gloves of strength (worn)
 C - a +2 pair of boots of running (worn)
 T - the +0 buckler of Manueheh (worn) {+Inv rF+ rCorr}
   (You found it on level 7 of the Dungeon)

   It protects you from fire.
   It lets you turn invisible.
   It provides partial protection from all sources of acid and corrosion.
 W - a scarf of cloud immunity (worn)
 Z - a +1 helmet
Jewellery
 l - an uncursed ring of protection from cold
 n - an uncursed amulet of magic regeneration
 x - a ring of wizardry (right hand)
 H - a +5 ring of dexterity (left hand)
 K - an amulet of faith (around neck)
 O - an uncursed ring of see invisible
 P - an uncursed amulet of magic regeneration
 U - a +3 amulet of reflection
Wands
 i - a wand of paralysis (21)
 j - a wand of acid (10)
 k - a wand of digging (3)
 A - a wand of iceblast (5)
 B - a wand of scattershot (5)
Scrolls
 e - 21 scrolls of remove curse
 p - 4 scrolls of enchant armour
 q - 4 scrolls of blinking
 y - 7 scrolls of amnesia
 D - 7 scrolls of fog
 F - 9 scrolls of teleportation
 G - 4 scrolls of magic mapping
 M - 7 scrolls of identify
 N - 2 scrolls of fear
 Q - a scroll of brand weapon
 R - 6 scrolls of enchant weapon
 V - 3 scrolls of torment
 Y - a scroll of summoning
Potions
 b - a potion of lignification
 c - a potion of berserk rage
 f - a potion of resistance
 m - 6 potions of agility
 o - a potion of might
 r - 11 potions of curing
 s - 4 potions of magic
 t - 2 potions of haste
 u - 8 potions of brilliance
 E - 4 potions of mutation
 L - 5 potions of flight
 S - a potion of heal wounds
 X - 5 potions of ambrosia
Miscellaneous
 w - a phial of floods
Comestibles
 d - 55 rations


   Skills:
 - Level 12.0 Fighting
 - Level 12.0 Maces & Flails
 - Level 9.0 Armour
 - Level 12.0 Dodging
 - Level 7.0 Shields
 - Level 10.0 Spellcasting
 + Level 11.6 Charms
 - Level 14.0 Necromancy
 - Level 12.0 Air Magic
 - Level 8.0 Earth Magic


You had 3 spell levels left.
You knew the following spells:

 Your Spells              Type           Power        Failure   Level  Hunger
a - Agony                 Necr           ######..     1%          5    ####...
b - Shroud of Golubria    Chrm/Tloc      #####.       1%          2    None
c - Infusion              Chrm           ####         1%          1    None
d - Mephitic Cloud        Conj/Pois/Air  ####....     4%          3    None
e - Regeneration          Chrm/Necr      ######....   1%          3    None
l - Blink                 Tloc           N/A          12%         2    None
r - Deflect Missiles      Chrm/Air       ######....   10%         6    ######.
u - Dispel Undead         Necr           ######..     1%          5    ####...
v - Borgnjor's Vile Clut  Necr/Erth      ######....   2%          5    ####...
D - Animate Dead          Necr           N/A          1%          4    ##.....

Your spell library contained the following spells:

 Spells                   Type           Power        Failure   Level  Hunger
 Animate Skeleton         Necr           N/A          1%          1    None
 Pain                     Necr           ####         1%          1    None
 Sandblast                Erth           #####.       1%          1    None
 Corpse Rot               Necr           N/A          1%          2    None
 Poisonous Vapours        Pois/Air       #####.       1%          2    None
 Song of Slaying          Chrm           ######..     1%          2    None
 Sublimation of Blood     Necr           ######....   1%          2    None
 Vampiric Draining        Necr           ######....   1%          3    None
 Passwall                 Tmut/Erth      ####....     2%          2    None
 Ozocubu's Armour         Chrm/Ice       #####...     2%          3    None
 Spectral Weapon          Hex/Chrm       #####...     2%          3    None
 Stone Arrow              Conj/Erth      ####..       4%          3    None
 Confusing Touch          Hex            ##....       9%          1    None
 Flame Tongue             Conj/Fire      ##...        9%          1    None
 Freeze                   Ice            ##..         9%          1    None
 Magic Dart               Conj           ##..         9%          1    None
 Sting                    Conj/Pois      ##..         9%          1    None
 Summon Butterflies       Summ           ##......     9%          1    None
 Call Imp                 Summ           ##......     12%         2    None
 Slow                     Hex            ##......     12%         2    None
 Throw Flame              Conj/Fire      ##....       12%         2    None
 Throw Frost              Conj/Ice       ##....       12%         2    None
 Call Canine Familiar     Summ           ##......     24%         3    None
 Conjure Flame            Conj/Fire      ##......     24%         3    None
 Gell's Gravitas          Tloc           ##........   24%         3    None
 Ignite Poison            Fire/Tmut/Pois ##......     24%         3    None
 Inner Flame              Hex/Fire       ##......     24%         3    None
 Lesser Beckoning         Tloc           ##........   24%         3    None
 Portal Projectile        Hex/Tloc       ##....       24%         3    None
 Teleport Other           Tloc           ##......     24%         3    None
 Excruciating Wounds      Chrm/Necr      ######....   1%          5    ####...
 Lee's Rapid Deconstruct  Erth           #####.....   9%          5    ####...
 Bolt of Draining         Conj/Necr      #####.....   12%         5    ####...
 Leda's Liquefaction      Hex/Erth       ####......   16%         4    ##.....
 Petrify                  Tmut/Erth      ####....     16%         4    ##.....
 Force Lance              Conj/Tloc      ##......     58%         4    ##.....
 Olgreb's Toxic Radiance  Pois           ##......     58%         4    ##.....
 Passage of Golubria      Tloc           N/A          58%         4    ##.....
 Sticky Flame             Conj/Fire      ##......     58%         4    ##.....
 Summon Ice Beast         Ice/Summ       ##......     58%         4    ##.....
 Throw Icicle             Conj/Ice       ##......     58%         4    ##.....
 Fireball                 Conj/Fire      ##........   89%         5    ####...
 Metabolic Englaciation   Hex/Ice        ##........   89%         5    ####...
 Summon Forest            Summ/Tloc      ##........   89%         5    ####...
 Summon Mana Viper        Hex/Summ       ##......     89%         5    ####...
 Venom Bolt               Conj/Pois      ##........   89%         5    ####...
 Yara's Violent Unravell  Hex/Tmut       ##........   89%         5    ####...
 Dispersal                Tloc           ##........   100%        6    ######.
 Hydra Form               Tmut           ##........   100%        6    ######.
 Dragon Form              Tmut           ##........   100%        7    #######
 Summon Hydra             Summ           ##........   100%        7    #######
 Controlled Blink         Tloc           N/A          100%        8    #######
 Disjunction              Tloc           ##........   100%        8    #######


Dungeon Overview and Level Annotations

Branches:
Dungeon (15/15)            Temple (0/1) D:6            Lair (6/6) D:11
 Shoals (2/4) Lair:2       Spider (4/4) Lair:2        Slime (0/5) Lair:6
    Orc (2/2) D:12            Elf (0/3) Orc:2        Vaults (0/5) D:14
 Depths (0/5) D:15          Sewer (visited)         Ossuary (visited)
  IceCv (visited)         Gauntlet (visited)

Altars:
Gozag
Hepliaklqana
Kikubaaqudgha
Qazlal
Trog
Vehumet
Zin
Jiyva

Shops:
D:9 *%*   D:10 [=(*[   Orc:2 (!:?

Portals:
Pandemonium: Orc:2

Annotations:
D:3 1 runed translucent door
Shoals:2 Polyphemus


Innate Abilities, Weirdness & Mutations

You are small and have problems with some larger weapons.
You are carnivorous and can eat meat at any time.
Your muscles are strong. (Str +2)
You expend magic power (3 MP) to strengthen your wands.


Message History

You hear a splash.
Your pack is full.
Things that are here:
a +0 glaive; a chunk of flesh; a merfolk skeleton You see here a +0 spear.
There isn't anything to butcher here.
Things that are here:
a +0 robe; a +1 demon trident of freezing There isn't anything to butcher here.
Things that are here:
a +0 halberd; 3 boomerangs; a merfolk corpse You butcher the merfolk corpse.
Your pack is full.
Items here: % ( ) ÷ a +0 halberd; 3 boomerangs; 3 chunks of flesh; a merfolk skeleton
Things that are here:
a +0 robe; a +1 demon trident of freezing Drop what? 52/52 slots (_ for help) (? for menu, Esc to quit)
Okay, then.
Are you sure you want to abandon this character and quit the game? (Confirm with "yes".)

≈≈≈. ... ≈≈≈≈ #.. ≈≈≈≈
..# .. ≈≈≈≈ ..##...
≈≈≈≈≈≈.. #####
####.>...≈≈ ≈≈≈≈≈..#
#...###<(......≈≈
≈≈≈≈≈≈.##
#..≈..()((##...≈≈
≈≈≈≈≈≈≈.# #.≈≈≈).()## ≈≈≈
≈≈≈≈≈≈≈.###.≈≈)[@).## ≈
≈≈≈≈≈≈≈≈....≈)...≈....$.
≈≈≈≈≈≈≈≈≈≈.............≈
≈≈)≈≈≈≈≈≈..............≈≈
.≈≈≈≈≈≈≈≈...###......≈≈≈≈
..≈≈≈≈.....# ##....≈≈≈≈≈
...≈≈≈....# ###..≈≈≈≈≈
###........# $.≈≈≈≈
###..###.>.## .≈


There were no monsters in sight!

Vanquished Creatures
  Nikola (Spider:3)
  Arachne (Spider:3)
  Jorgrun (D:13)
  Kirke (Lair:4)
  A shadow dragon (D:13)
  A fire giant (D:15)
  3 ghost moths
  5 emperor scorpions
  9 entropy weavers
  A minotaur (Gauntlet)
  2 spark wasps (Spider:4)
  A merfolk javelineer (Shoals:1)
  3 merfolk impalers
  An ettin (Orc:2)
  A fire dragon (Lair:5)
  A great orb of eyes (Gauntlet)
  An ogre mage (D:15)
  Harold (D:9)
  2 vault guards (D:14)
  9 hydras
  A merfolk avatar (Shoals:2)
  4 centaur warriors
  The ghost of MagicManICT the Geomancer, a journeyman HaEE of Nemelex Xobeh (Lair:2)
  The ghost of komi the Carver, a journeyman OpGl of Cheibriados (D:11)
  7 two-headed ogres
  2 catoblepae
  A queen ant (Spider:2)
  A satyr (Shoals:1)
  A death yak (Shoals:1)
  7 death scarabs (Spider:4)
  5 orc high priests (Orc:2)
  Nergalle (Lair:4)
  A sixfirhy (Orc:2)
  5 skeletal warriors (D:14)
  An unseen horror (D:13)
  9 sea snakes
  3 wizards (D:14)
  3 spectral wolf spiders (Spider:4)
  2 gelid demonspawn (Orc:2)
  A harpy (shapeshifter) (D:15)
  4 orc knights (Orc:2)
  7 orc sorcerers
  A wolf spider zombie (Spider:4)
  24 orb spiders
  13 cyclopes
  24 wolf spiders
  15 ugly things
  4 oklob plants (Lair:5)
  11 fauns
  6 manticores
  7 moths of wrath
  17 elephants
  A smoke demon (Orc:2)
  3 centaur zombies
  5 merfolk sirens
  3 water nymphs (Shoals:2)
  3 black mambas
  2 ice statues (IceCv)
  An orange demon (Orc:2)
  3 torpor snails
  3 gargoyles
  A spiny frog (shapeshifter) (D:15)
  14 rime drakes
  3 kobold demonologists
  23 spiny frogs
  9 komodo dragons
  A freezing wraith (D:15)
  A redback zombie (Spider:4)
  4 spectral redbacks (Spider:4)
  17 demonic crawlers
  An ice devil (Gauntlet)
  2 tengu conjurers (D:15)
  32 jumping spiders
  A red devil (Orc:2)
  3 trolls
  5 tyrant leeches (Lair:6)
  6 hornets
  2 spectral jumping spiders (Spider:4)
  2 wind drakes (Shoals:2)
  2 spectral tarantellas (Spider:4)
  12 hippogriffs
  4 tarantella zombies (Spider:4)
  14 merfolk
  A jumping spider zombie (Spider:4)
  7 dream sheep
  33 blink frogs
  2 snapping turtles
  2 meliai zombies
  The ghost of benadryl the Changer, an amateur OpTm (D:3)
  6 slime creatures
  87 redbacks
  3 spriggans (Lair:2)
  A shadow (D:15)
  2 water elementals (Shoals:1)
  44 tarantellas
  2 wyverns
  9 hogs
  4 vampires
  3 basilisks
  33 yaks
  A wraith (D:10)
  6 hungry ghosts
  6 steam dragons
  21 humans
  Menkaure (D:7)
  2 neqoxecs
  6 vampire mosquitoes (Lair:6)
  2 chaos spawn (Gauntlet)
  3 wargs
  25 soldier ants
  14 water moccasins
  4 spectral hornets (Spider:4)
  A floating eye (shapeshifter) (D:11)
  32 orc warriors
  6 porcupines
  19 ice beasts
  3 phantoms
  A hornet zombie (D:10)
  2 sky beasts
  3 black bears
  12 ogres
  20 wolves
  2 necrophages
  12 crocodiles
  17 centaurs
  3 big kobolds (D:15)
  33 bullfrogs
  2 elf zombies (D:4)
  2 elf skeletons (D:4)
  4 wyvern skeletons
  5 scorpions
  10 wights
  3 electric eels (Lair:3)
  6 howler monkeys
  2 bullfrog zombies (D:12)
  7 crimson imps
  6 jellies
  4 quasits
  3 hounds
  2 human zombies (D:4)
  29 orc priests
  13 orc wizards
  2 human skeletons (D:4)
  3 centaur skeletons
  4 iguanas
  Terence (D:2)
  24 worker ants
  4 big kobold zombies (Ossuary)
  6 hound zombies
  4 mummies (Ossuary)
  8 gnolls
  A howler monkey zombie (D:8)
  13 adders
  3 shadow imps
  3 white imps (Gauntlet)
  An ooze (D:1)
  An adder skeleton (D:4)
  2 adder zombies
  5 worms
  3 dart slugs (D:1)
  10 leopard geckos
  75 orcs
  12 bats
  6 giant cockroaches
  2 gnoll zombies (Ossuary)
  4 goblins
  8 hobgoblins
  11 jackals
  2 quokkas
  A ball python (D:3)
  3 frilled lizards
  2 goblin zombies (Ossuary)
  9 kobolds
  3 orc skeletons (D:4)
  A quokka skeleton (D:7)
  10 rats
  A plant (Lair:5)
1262 creatures vanquished.

Vanquished Creatures (collateral kills)
  Purgy (Sewer)
  An ice beast (D:5)
  A quokka (D:5)
3 creatures vanquished.

Vanquished Creatures (others)
  A tarantella (Spider:4)
  A wolf (Lair:2)
  A worker ant (Spider:2)
  36 fungi
  64 plants
  A withered plant (D:12)
104 creatures vanquished.

Grand Total: 1369 creatures vanquished

Notes
Turn   | Place    | Note
-------+----------+-------------------------------------------
     0 | D:1      | removed the Kobold Skald began the quest for the Orb.
     0 | D:1      | Reached XP level 1. HP: 12/12 MP: 3/3
   162 | D:1      | Reached XP level 2. HP: 13/17 MP: 0/5
   619 | D:1      | Reached XP level 3. HP: 15/21 MP: 0/6
  1299 | D:2      | Reached XP level 4. HP: 26/26 MP: 5/7
  1388 | D:2      | Learned a level 2 spell: Shroud of Golubria
  1392 | D:2      | Learned a level 3 spell: Regeneration
  1406 | D:2      | Found an ancient bone altar of Kikubaaqudgha.
  1416 | D:2      | Became a worshipper of Kikubaaqudgha
  1556 | D:2      | Noticed Terence
  1809 | D:2      | Reached XP level 5. HP: 16/30 MP: 4/8
  2060 | D:2      | Found a stormy altar of Qazlal.
  2060 | D:2      | Found a hazy altar of Hepliaklqana.
  2545 | D:2      | Killed Terence
  2743 | D:3      | Found a runed translucent door.
  2746 | D:3      | Noticed benadryl's ghost (amateur OpTm)
  2775 | D:3      | Found a runed translucent door.
  2782 | D:3      | Reached * piety under Kikubaaqudgha
  2782 | D:3      | Identified Kikubaaqudgha's Tome of Necromancy
                  | (Kikubaaqudgha gifted it to you on level 3 of the Dungeon)
  2782 | D:3      | Received a gift from Kikubaaqudgha
  2828 | D:3      | Found a bloodstained altar of Trog.
  3031 | D:3      | Found a glowing drain.
  3043 | Sewer    | Entered a sewer
  3176 | Sewer    | Noticed Purgy
  3260 | Sewer    | Killed Purgy
  3260 | Sewer    | Reached skill level 5 in Maces & Flails
  3260 | Sewer    | Reached XP level 6. HP: 15/35 MP: 9/9
  4410 | D:4      | Reached ** piety under Kikubaaqudgha
  4468 | D:4      | Reached XP level 7. HP: 40/41 MP: 10/10
  4608 | D:4      | Found a sand-covered staircase.
  4640 | D:4      | Reached skill level 5 in Dodging
  4681 | D:4      | Reached XP level 8. HP: 39/48 MP: 3/11
  4726 | Ossuary  | Entered an ossuary
  5334 | D:4      | Reached *** piety under Kikubaaqudgha
  5334 | D:4      | Identified Kikubaaqudgha's Collected Works on Evil Rituals
                  | (Kikubaaqudgha gifted it to you on level 4 of the Dungeon)
  5334 | D:4      | Received a gift from Kikubaaqudgha
  5515 | D:4      | Learned a level 2 spell: Blink
  6023 | D:5      | Entered Level 5 of the Dungeon
  6033 | D:5      | Reached XP level 9. HP: 52/52 MP: 8/12
  6055 | D:5      | HP: 2/52 [ice beast (13)]
  6310 | D:5      | Found an opulent altar of Gozag.
  7287 | D:6      | Found a staircase to the Ecumenical Temple.
  7489 | D:6      | Reached skill level 10 in Maces & Flails
  7745 | D:7      | Got a pitted dagger
  7818 | D:7      | Reached skill level 5 in Fighting
  7862 | D:7      | Got a polished buckler
  7868 | D:7      | Identified the cursed +0 buckler of Manueheh {+Inv rF+
                  | rCorr} (You found it on level 7 of the Dungeon)
  7927 | D:7      | Reached skill level 1 in Shields
  7936 | D:7      | Reached **** piety under Kikubaaqudgha
  7949 | D:7      | Found a radiant altar of Vehumet.
  8137 | D:7      | Noticed a hippogriff
  8137 | D:7      | Noticed Menkaure
  8249 | D:7      | Reached XP level 10. HP: 59/59 MP: 9/13
  8382 | D:7      | Killed Menkaure
  8391 | D:7      | Reached skill level 5 in Shields
  9094 | D:8      | Reached skill level 1 in Necromancy
  9116 | D:8      | Got a heavily runed ring mail
  9131 | D:8      | Identified the cursed +1 ring mail of the Great Game
                  | {*Corrode rPois Str+4 Dex+8} (You found it on level 8 of
                  | the Dungeon)
  9209 | D:8      | Reached skill level 2 in Necromancy
  9405 | D:8      | Reached ***** piety under Kikubaaqudgha
  9608 | D:9      | Found Tomoiny's Assorted Antiques.
  9683 | D:9      | Reached skill level 3 in Necromancy
  9702 | D:9      | Found Zuolugon's Assorted Antiques.
  9782 | D:9      | Found Kekub's Food Emporium.
  9828 | D:9      | Found an ancient bone altar of Kikubaaqudgha.
 10057 | D:9      | Reached skill level 4 in Necromancy
 10077 | D:9      | Found a glowing silver altar of Zin.
 10272 | D:9      | Noticed Harold
 10292 | D:9      | Killed Harold
 10292 | D:9      | Reached skill level 6 in Necromancy
 10292 | D:9      | Reached XP level 11. HP: 31/64 MP: 14/14
 10443 | D:9      | Bought a scroll labeled RUIDGHIHIDE for 29 gold pieces
 10568 | D:10     | Entered Level 10 of the Dungeon
 10576 | D:10     | Found Juuhuick's Antique Armour Emporium.
 10782 | D:10     | Found Ivaleok's Armour Shoppe.
 10837 | D:10     | Reached skill level 7 in Necromancy
 10909 | D:10     | Found Sasum's Weapon Boutique.
 10930 | D:10     | Found Tironom's Jewellery Boutique.
 11100 | D:10     | Found Yxkoor's General Store.
 11236 | D:10     | Bought a pair of embroidered boots for 232 gold pieces
 11246 | D:10     | Identified a +1 pair of boots of running (You bought it in
                  | a shop on level 10 of the Dungeon)
 11261 | D:11     | Found a gate leading to a gauntlet.
 11270 | Gauntlet | Entered a Gauntlet
 11270 | Gauntlet | Found a transporter.
 11270 | Gauntlet | Found a transporter.
 11270 | Gauntlet | Found a transporter.
 11270 | Gauntlet | Noticed a worldbinder
 11271 | Gauntlet | Found a transporter.
 11272 | Gauntlet | Found a transporter.
 11275 | Gauntlet | Found a transporter.
 11283 | Gauntlet | Found a transporter.
 11284 | Gauntlet | Found a transporter.
 11286 | Gauntlet | Found a transporter.
 11286 | Gauntlet | Found a transporter.
 11288 | Gauntlet | Noticed a brown ugly thing
 11293 | Gauntlet | Noticed a great orb of eyes
 11294 | Gauntlet | Found a transporter.
 11295 | Gauntlet | Found a transporter.
 11775 | Gauntlet | Killed a great orb of eyes
 11797 | Gauntlet | Killed a cyan ugly thing
 11943 | Gauntlet | Identified the cursed +0 short sword of Dereituibabb
                  | {pierce, rPois Str+2}
 11943 | Gauntlet | Identified the +8 hand crossbow of Megalomania {velocity,
                  | rC+ MR+}
 11943 | Gauntlet | Identified the +8 pearl dragon scales of the Beginning {rN+
                  | rCorr Str+4}
 11943 | Gauntlet | Noticed a minotaur
 12011 | Gauntlet | Killed a minotaur
 12162 | Gauntlet | Identified the Grimoire of Shape Shifting
 12286 | D:11     | Reached skill level 1 in Armour
 12433 | D:11     | Found a staircase to the Lair.
 12478 | D:11     | Noticed a cyclops
 12518 | D:11     | Killed a cyclops
 12679 | D:11     | Noticed Sonja
 12710 | D:11     | Noticed Sonja
 12710 | D:11     | Sonja changed into Sonja the human
 13072 | D:10     | Found Tironom's Jewellery Boutique.
 13079 | D:10     | Found Sasum's Weapon Boutique.
 13211 | D:10     | Found Ivaleok's Armour Shoppe.
 13346 | D:10     | Killed Sonja the human
 13821 | D:11     | Found a runed translucent door.
 13821 | D:11     | Noticed komi's ghost (journeyman OpGl)
 13948 | Lair:1   | Entered Level 1 of the Lair of Beasts
 13969 | Lair:1   | Reached XP level 12. HP: 73/76 MP: 12/15
 14543 | Lair:1   | Reached skill level 5 in Armour
 15225 | D:12     | Noticed a centaur warrior
 15412 | D:12     | Noticed an eight-headed hydra
 16114 | D:11     | Reached ****** piety under Kikubaaqudgha
 16657 | D:12     | Killed an eight-headed hydra
 16906 | D:12     | Killed a centaur warrior
 16925 | D:12     | Found a staircase to the Orcish Mines.
 16935 | D:12     | You fall into a shaft and drop 2 floors!
 16950 | D:14     | Reached XP level 13. HP: 80/80 MP: 16/16
 17369 | D:13     | Noticed a five-headed hydra
 17413 | D:12     | Killed a five-headed hydra
 17686 | D:12     | Got a polished ring mail
 18257 | D:13     | Noticed a centaur warrior
 18269 | D:13     | Killed a centaur warrior
 18378 | D:13     | Reached skill level 10 in Dodging
 18436 | D:13     | Noticed a five-headed hydra
 18436 | D:13     | Noticed a catoblepas
 18488 | D:13     | Killed a five-headed hydra
 18564 | D:13     | Killed a catoblepas
 18611 | D:13     | Noticed Jorgrun
 18854 | D:14     | Reached skill level 5 in Spellcasting
 18977 | Lair:2   | Found a staircase to the Shoals.
 19057 | Lair:2   | Found a frozen archway.
 19092 | IceCv    | Entered an ice cave
 19371 | IceCv    | Reached skill level 8 in Necromancy
 19460 | IceCv    | Learned a level 4 spell: Animate Dead
 19671 | IceCv    | Noticed an ice dragon
 19671 | IceCv    | Noticed an ice dragon
 19982 | Lair:2   | Found the +8 trident of the Octopus King {venom, rElec
                  | rPois MR+}
 20063 | Lair:2   | Found a runed translucent door.
 20065 | Lair:2   | Noticed MagicManICT's ghost (journeyman HaEE)
 20067 | Lair:2   | Identified the +9 trident of Analysis {elec, rElec Str-4
                  | Dex+5 Stlth+}
 20148 | Lair:2   | Found a hole to the Spider Nest.
 20716 | Lair:3   | Reached skill level 9 in Necromancy
 20807 | Lair:3   | Learned a level 5 spell: Agony
 20813 | Lair:3   | Learned a level 5 spell: Dispel Undead
 21345 | Lair:3   | Noticed a six-headed hydra
 21365 | Lair:3   | Killed a six-headed hydra
 21763 | Lair:3   | Identified the +3 ring mail "Rucuvviu" {*Drain MR+++ Int+7
                  | Dex-4} (You found it on level 12 of the Dungeon)
 21800 | Lair:4   | Reached XP level 14. HP: 79/86 MP: 19/23
 21912 | Lair:4   | Reached skill level 10 in Necromancy
 22468 | Lair:4   | Noticed Nergalle
 22490 | Lair:4   | Killed Nergalle
 22490 | Lair:4   | Reached skill level 11 in Necromancy
 23200 | Lair:5   | Reached skill level 12 in Necromancy
 23320 | Lair:5   | Noticed Kirke
 23321 | Lair:5   | Noticed a sphinx
 23584 | Lair:4   | Killed Kirke
 23817 | Lair:5   | Got a heavily runed ring mail
 23868 | Lair:5   | Learned a level 5 spell: Borgnjor's Vile Clutch
 23921 | Lair:5   | Reached skill level 1 in Earth Magic
 24860 | Lair:5   | Found the +6 lightning scales {run, rElec}
 25169 | Lair:5   | Reached skill level 5 in Earth Magic
 25576 | Lair:5   | Identified the cursed +1 ring mail of the Vaults {rN+} (You
                  | found it on level 5 of the Lair of Beasts)
 26011 | Lair:6   | Entered Level 6 of the Lair of Beasts
 26028 | Lair:5   | Reached XP level 15. HP: 46/90 MP: 25/25
 27219 | Lair:6   | Reached skill level 13 in Necromancy
 27813 | Lair:6   | Reached skill level 14 in Necromancy
 28661 | Lair:6   | Found a staircase to the Slime Pits.
 28686 | Lair:6   | Found a viscous altar of Jiyva.
 29144 | Orc:1    | Entered Level 1 of the Orcish Mines
 29753 | Orc:2    | Entered Level 2 of the Orcish Mines
 30233 | Orc:2    | Reached skill level 10 in Spellcasting
 30233 | Orc:2    | Reached XP level 16. HP: 89/96 MP: 9/30
 30341 | Orc:2    | Found a staircase to the Elven Halls.
 30848 | Orc:2    | Found Pischomol's Distillery.
 30888 | Orc:2    | Found Goub's Magic Scroll Boutique.
 30933 | Orc:2    | Gained mutation: Armour fits poorly on your strangely
                  | shaped body. [a neqoxec]
 30952 | Orc:2    | Lost mutation: Armour fits poorly on your strangely shaped
                  | body. [potion of mutation]
 30952 | Orc:2    | Gained mutation: Your muscles are strong. (Str +2) [potion
                  | of mutation]
 30952 | Orc:2    | Gained mutation: You expend magic power (3 MP) to
                  | strengthen your wands. [potion of mutation]
 31673 | Orc:2    | Paralysed by an orc sorcerer for 4 turns
 31741 | Orc:2    | Paralysed by an orc sorcerer for 4 turns
 32056 | Orc:2    | Found Sadwibit's Book Shoppe.
 32056 | Orc:2    | Found Jenups's Antique Weapon Emporium.
 32056 | Orc:2    | Found a one-way gate leading to the halls of Pandemonium.
 32498 | D:3      | Killed benadryl's ghost
 32696 | D:11     | Killed komi's ghost
 32808 | Lair:2   | Killed MagicManICT's ghost
 34080 | D:13     | Killed Jorgrun
 34208 | D:13     | You fall into a shaft and drop 2 floors!
 34208 | D:15     | Entered Level 15 of the Dungeon
 34786 | D:13     | You fall into a shaft and drop 1 floor!
 34911 | D:13     | Noticed a shadow dragon
 34935 | D:13     | Killed a shadow dragon
 35155 | D:14     | Reached skill level 10 in Fighting
 35882 | D:14     | Reached XP level 17. HP: 104/104 MP: 21/31
 36175 | D:14     | Found a gate to the Vaults.
 36872 | D:15     | Found a staircase to the Depths.
 38022 | D:15     | Learned a level 3 spell: Mephitic Cloud
 38210 | Spider:1 | Entered Level 1 of the Spider Nest
 38225 | Lair:2   | Reached skill level 1 in Air Magic
 40033 | Spider:1 | Reached skill level 5 in Air Magic
 40167 | Spider:1 | Reached skill level 5 in Charms
 40843 | Spider:2 | Reached XP level 18. HP: 103/112 MP: 26/32
 42367 | Spider:3 | Noticed Nikola
 42629 | Orc:2    | Bought a potion of resistance for 110 gold pieces
 43785 | Spider:3 | Killed Nikola
 44609 | Spider:4 | Entered Level 4 of the Spider Nest
 44609 | Spider:4 | Noticed Arachne
 45185 | Spider:3 | Killed Arachne
 46090 | Spider:4 | Reached XP level 19. HP: 116/116 MP: 18/33
 46206 | Spider:4 | Reached skill level 10 in Air Magic
 47402 | Spider:4 | Paralysed by a hornet for 2 turns
 48780 | Spider:4 | Reached skill level 10 in Charms
 49310 | Spider:4 | Got a gossamer rune of Zot
 49664 | Orc:2    | Bought the Guide on the Assistive Oath for 974 gold pieces
 49671 | Orc:2    | Learned a level 6 spell: Deflect Missiles
 49829 | Shoals:1 | Entered Level 1 of the Shoals
 51963 | Shoals:2 | HP: 3/116 [water nymph/the raging water (25)]
 53066 | Shoals:2 | Reached XP level 20. HP: 90/122 MP: 32/34
 53362 | Shoals:2 | Noticed Polyphemus
 54122 | Shoals:2 | Quit the game

Levels and vault maps discovered:
D:1:      zelgadis_glass_arrival_small, layout_basic
D:2:      minmay_diamond_boxcup, layout_loops_ring,
          nicolae_overflow_crystal_walls, gammafunk_temple_overflow_pools,
          uniq_terence
D:3:      layout_loops_corners, cheibrodos_sewer_entry_bend,
          ebering_ghost_sewer_f, trog_book
D:4:      layout_basic, nicolae_ossuary_entry_catacombs
D:5:      layout_basic, nicolae_gozag_seed_capital, first_ration
D:6:      layout_loops_ring, minmay_temple_entry_large_hall
D:7:      layout_rooms, kennysheep_mini, grunt_livestock, sigmund_army,
          uniq_menkaure
D:8:      layout_gridville
D:9:      layout_loops_cross, zin_treasury, basic_altar, serial_shops, shop,
          shop, shop, kennysheep_cross_room, uniq_harold
D:10:     layout_small_grid, serial_shops, kennysheep_little_box,
          nicolae_shop_stone, shop, nicolae_shop_crystal, shop_fountains,
          minmay_starry_boxes
D:11:     layout_roguey, due_lair_maze_entry_diamond, gauntlet_entry_generic,
          ebering_ghost_reflecting_pool, uniq_sonja
D:12:     layout_rooms, david_orc_3, serial_undead, serial_undead_d,
          serial_undead_b, serial_undead_c, serial_undead_a
D:13:     minmay_octagon_keep, layout_small_grid, kennysheep_just_a_vault,
          uniq_jorgrun
D:14:     layout_irregular_city, grunt_vaults_entry_tiered
D:15:     grunt_enter_depths_giant_problem, layout_stronghold,
          chequers_hall_statues_corner_a
Lair:1:   layout_chaotic_city, serial_bayou_shore_b
Lair:2:   layout_chaotic_city, elwin_shoals_entry_rocks, dummy_spider_entry,
          ebering_ghost_funeral_grove, portal_ice_cave_rime
Lair:3:   layout_regular_city, serial_bayou_lagoon_b, lemuel_fruit_fields
Lair:4:   layout_small_grid, uniq_nergalle
Lair:5:   layout_small_grid, bobbens_dragon_lair_wall,
          minmay_lair_oklob_chamber, grunt_megastairs_3, uniq_kirke
Lair:6:   minmay_lair_end_frog_pond, layout_regular_city, slime_altar_1
Shoals:1: layout_shoals, st_cyclops
Shoals:2: layout_shoals, uniq_polyphemus
Spider:1: layout_spider_delve
Spider:2: layout_spider_delve, minivault_29
Spider:3: nicolae_spider_hall_of_the_moth_king, uniq_nikola
Spider:4: floodkiller_spider_rune_tomb, uniq_arachne
Orc:1:    layout_caves
Orc:2:    pf_orc_diabolical, layout_diamond_mine

Skill      XL: |  1  2  3  4  5  6  7  8  9 10 11 12 13 14 15 16 17 18 19 |
---------------+----------------------------------------------------------+-----
Maces & Flails | 2 3 4 5 6 8 10 11 12 | 12.0
Fighting       | 3 4 5 9 10 12 | 12.0
Dodging        | 5 6 7 10 12 | 12.0
Shields        | 2 5 7 |  7.0
Necromancy     | 6 7 9 12 14 | 14.0
Armour         | 4 7 9 |  9.0
Spellcasting   | 6 7 10 | 10.0
Earth Magic    | 6 7 8 |  8.0
Air Magic      | 5 9 12 | 12.0
Charms         | 5 8 11 | 11.6

Action                   |  1- 3 |  4- 6 |  7- 9 | 10-12 | 13-15 | 16-18 | 19-21 || total
-------------------------+-------+-------+-------+-------+-------+-------+-------++-------
Melee: Mace              |    34 |       |       |       |       |       |       ||    34
       Whip              |    17 |   176 |   546 |  1127 |  2346 |  1917 |   930 ||  7059
       Unarmed           |       |       |       |       |    20 |       |       ||    20
 Cast: Infusion          |    15 |     8 |    11 |       |       |       |       ||    34
       Regeneration      |       |       |    14 |    22 |    53 |    30 |    14 ||   133
       Blink             |       |       |       |     3 |     1 |       |       ||     4
       Animate Dead      |       |       |       |       |     2 |       |       ||     2
       Agony             |       |       |       |       |    34 |    70 |    19 ||   123
       Borgnjor's Vile C |       |       |       |       |    19 |   160 |    70 ||   249
       Shroud of Golubri |       |       |       |       |     2 |     1 |       ||     3
       Dispel Undead     |       |       |       |       |       |    29 |    32 ||    61
       Deflect Missiles  |       |       |       |       |       |       |     6 ||     6
Invok: Receive Corpses   |       |       |       |       |     4 |       |       ||     4
Evoke: Phial of floods   |       |     1 |     1 |     1 |       |       |       ||     3
       Wand              |       |       |     2 |     5 |       |       |       ||     7
       Phantom mirror    |       |       |       |     1 |       |       |       ||     1
  Use: Scroll            |       |     6 |     7 |    15 |    13 |     3 |     2 ||    46
       Potion            |       |     1 |     1 |     4 |     1 |     3 |     2 ||    12
 Stab: Sleeping          |       |     1 |       |     1 |       |       |       ||     2
       Invisible         |       |       |       |     7 |       |       |       ||     7
       Petrified         |       |       |       |       |    14 |       |       ||    14
  Eat: Chunk             |     9 |    11 |    15 |    49 |    65 |    98 |    44 ||   291
       Ration            |       |       |       |     1 |       |       |     6 ||     7
Armor: Leather armour    |    13 |    31 |       |       |       |       |       ||    44
       Troll leather arm |       |     9 |    63 |    49 |       |       |       ||   121
       Ring mail         |       |       |       |     3 |       |       |       ||     3
       Pearl dragon scal |       |       |       |   194 |   640 |   711 |   363 ||  1908
Dodge: Dodged            |    28 |   110 |   318 |   516 |  1288 |  1362 |   719 ||  4341
       Deflected         |       |       |       |       |       |       |    29 ||    29
Block: Buckler           |       |       |     7 |   222 |   489 |   592 |   270 ||  1580
